 Dungeon Crawl Stone Soup version 0.28.0-45-g0d030f2227 (webtiles) character file.

Game seed: 11247003714269644077

0 101zpm the Magician (level 1, -1/15 HPs)
             Began as a Djinni Ice Elementalist on Apr 15, 2022.
             Slain by a kobold
             ... wielding a +0 dagger
              (2 damage)
             ... on level 1 of the Dungeon.
             The game lasted 00:00:48 (52 turns).

101zpm the Magician (Djinni Ice Elementalist)         Turns: 52, Time: 00:00:48

Health: -1/15      AC:  2    Str:  7    XL:     1   Next: 11%
Gold:   0          EV: 12    Int: 16    God:
                   SH:  0    Dex: 13

rFire   + + .      SeeInvis .   b - +0 great sword (elec)
rCold   x . .      Faith    .   (shield currently unavailable)
rNeg    . . .      Spirit   .   a - +0 robe
rPois   ∞          Reflect  .   (no helmet)
rElec   .          Harm     .   (no cloak)
rCorr   .          Rampage  .   (no gloves)
Will    .....                   (boots unavailable)
Stlth   ++........              (no amulet)
HPRegen 0.05/turn               (no ring)
MPRegen 0.00/turn               (no ring)

@: flying, very slightly contaminated
A: sickness immunity, fire resistance 2, cold vulnerability 1, float, innate
caster, HP casting, extra vitality 1
a: no special abilities


You were on level 1 of the Dungeon.
You visited 1 branch of the dungeon, and saw 1 of its levels.

Inventory:

Hand Weapons
 b - a +0 great sword of electrocution (weapon)
Armour
 a - a +0 robe (worn)


   Skills:
 + Level 2.1 Dodging
 + Level 1.5 Stealth
 + Level 3.3 Spellcasting


You couldn't memorise any spells.
You knew the following spells:

 Your Spells              Type           Power      Damage    Failure   Level
a - Freeze                Ice            52%        1d7       4%          1
b - Frozen Ramparts       Ice            26%        1d4       14%         3
c - Ozocubu's Armour      Ice            13%        N/A       14%         3
d - Hailstorm             Conj/Ice       13%        3d5       43%         4
Your spell library was empty.

Dungeon Overview and Level Annotations

Branches:
Dungeon (1/15)

Altars:


Innate Abilities, Weirdness & Mutations

You are immune to sickness and miasma.
You are immune to poison.
Your flesh is very heat resistant. (rF++)
You are vulnerable to cold. (rC-)
You float through the air rather than walking.
You learn spells naturally, not from books.
Your magical power is your life essence.
You have superior vitality. (+4 MHP)


Message History

Aiming: Freeze (safe; 4% risk of failure)
Press: ? - help, Q - select action Shift-Dir - straight line, f - ball python
Aim: a ball python (constricting you)
You freeze the ball python.
You kill the ball python!
Something hits the plant.
The plant begins to die.
You see here a ball python corpse.
Found a glowing great sword.
You see here a +0 great sword of electrocution.
b - a +0 great sword of electrocution You hear the crackle of electricity.
b - a +0 great sword of electrocution (weapon)
A kobold is nearby!
No reachable target in view!
A kobold is nearby!
Something hits the plant.
The plant begins to die.
A hobgoblin comes into view.
The kobold closely misses you.
You closely miss the kobold. The kobold barely misses you.
You barely miss the kobold.
A nearby plant withers and dies.
The kobold closely misses you. The kobold hits you with a +0 dagger.
You hit the kobold.
The kobold is moderately wounded.
The hobgoblin closely misses you. The kobold hits you with a +0 dagger.
The hobgoblin hits you. The kobold closely misses you.
You barely miss the hobgoblin. The hobgoblin barely misses you.
The kobold hits you with a +0 dagger. The hobgoblin hits you.
* * * LOW HITPOINT WARNING * * *
The kobold barely misses you.
Aiming: Freeze (safe; 4% risk of failure)
Press: ? - help, Q - select action Shift-Dir - straight line, f - kobold
Aim: a kobold, wielding a +0 dagger (moderately wounded)
You miscast Freeze.
You are very lightly contaminated with residual magic.
Nothing appears to happen.
* * * LOW HITPOINT WARNING * * *
The hobgoblin hits you.
* * * LOW HITPOINT WARNING * * *
The kobold hits you with a +0 dagger.
You die...
P.P.P.PPP.P.P.PP#.#.# PP.P.PP.P.PP.P)PPK.... #.PP.PP.PP.PP.PP.PP#.### ..# #.PPP.PP.PPP.PP.PPP#.# #.# ##PPP.PPP...PPP.PPP..# #.# ..PPPP..PPPPP..PPPP.#... #.# ..PPPPP..$...P.PPPP...## #.# ..PPPPPPPPKPPPP.PPP.###

#.#
.........@g......##.#
#.###
#####............B#
#...##
#.....###.#...#...
###..####.#####
#.#.......#
#........# #.#...##.#
#......### #.#...#
#......# #......#
########


You could see a hobgoblin and a kobold.

Vanquished Creatures
  A ball python (D:1)
1 creature vanquished.

Vanquished Creatures (others)
  10 plants (D:1)
10 creatures vanquished.

Grand Total: 11 creatures vanquished

Notes
Turn   | Place    | Note
-------+----------+-------------------------------------------
     0 | D:1      | 101zpm the Djinni Ice Elementalist began the quest for the
                  | Orb.
     0 | D:1      | Reached XP level 1. HP: 15/15 MP: 0/0
    52 | D:1      | Slain by a kobold

Illustrated notes

Levels and vault maps discovered:
D:1:      roderic_crop_circles_arrival_small, layout_rooms, fountainhead

Action                   || total
-------------------------++-------
Melee: Great sword       ||     4
 Cast: Freeze            ||     1
Armor: Robe              ||     1
Dodge: Dodged            ||     7
